 Dungeon Crawl Stone Soup version 0.26-a0-317-ge2f3d4a7ca (webtiles) character file.

Game seed: 9732003014482831583

8691 Infinimo the Carver (level 11, -6/72 HPs)
             Began as a Kobold Berserker on July 16, 2020.
             Was a High Priest of Trog.
             Mangled by a two-headed ogre
             ... wielding a +0 giant club
              (20 damage)
             ... on level 9 of the Dungeon.
             The game lasted 00:11:23 (9361 turns).

Infinimo the Carver (Kobold Berserker)              Turns: 9361, Time: 00:11:23

Health: -6/72      AC:  9    Str: 18    XL:     11   Next: 60%
Magic:  11/11      EV: 22    Int:  8    God:    Trog [*****.]
Gold:   149        SH:  0    Dex: 15    Spells: 10/10 levels left

rFire    + . .     SeeInvis .   C - +3 scimitar (freeze) (curse)
rCold    . . .     Faith    .   (shield restricted)
rNeg     . . .     Spirit   .   u - -1 leather armour
rPois    .         Reflect  .   h - +0 helmet
rElec    .         Harm     .   r - scarf {repulsion}
rCorr    .                      (no gloves)
MR       .....                  s - +1 pair of boots
Stlth    +.........             l - amulet of regeneration
HPRegen  0.62/turn              F - ring of protection from fire (curse)
MPRegen  0.12/turn              q - +4 ring of protection

@: lethally poisoned (-6 -> -6), about to teleport, berserk cooldown, slowed,
repel missiles, very slow
A: small
a: Berserk, Trog's Hand, Brothers in Arms, Renounce Religion


You were on level 9 of the Dungeon.
You worshipped Trog.
Trog was extremely pleased with you.
You visited 1 branch of the dungeon, and saw 10 of its levels.

You collected 470 gold pieces.
You spent 321 gold pieces at shops.

Inventory:

Hand Weapons
 v - a +0 scimitar of flaming
 C - a cursed +3 scimitar of freezing (weapon)
Armour
 h - a +0 helmet (worn)
 r - a scarf of repulsion (worn)
 s - a +1 pair of boots (worn)
 u - a -1 leather armour (worn)
Jewellery
 a - an uncursed ring of positive energy
 l - an amulet of regeneration (around neck)
 q - a +4 ring of protection (right hand)
 F - a cursed ring of protection from fire (left hand)
Wands
 j - a wand of digging (4)
 E - a wand of iceblast (7)
 I - a wand of clouds (4)
Scrolls
 c - 3 scrolls of teleportation
 d - 8 scrolls of identify
 g - 2 scrolls of remove curse
 k - a scroll of enchant armour
 n - a scroll of blinking
 z - a scroll of vulnerability
Potions
 e - a potion of invisibility
 f - 2 potions of lignification
 i - a potion of magic
 m - 2 potions of degeneration
 o - 3 potions of curing
 p - 2 potions of brilliance
 w - 2 potions of might
 x - a potion of flight
 B - a potion of ambrosia
 G - a potion of heal wounds
 H - a potion of berserk rage


   Skills:
 + Level 10.0 Fighting
 * Level 10.6 Long Blades
 - Level 1.5 Armour
 + Level 10.6 Dodging


You had 10 spell levels left.
You didn't know any spells.
Your spell library was empty.

Dungeon Overview and Level Annotations

Branches:
Dungeon (10/15)            Temple (0/1) D:6
   Lair: D:8-11         Orc: D:9-12

Altars:
Ashenzari
Cheibriados
Dithmenos
Elyvilon
Hepliaklqana
Nemelex Xobeh
Okawaru
Qazlal
Ru
Trog
Vehumet
Wu Jian
The Shining One

Shops:
D:4 [   D:6 [   D:9 *


Message History

a +0 mace; a +0 ring mail; a killer bee corpse x2; an orc corpse You feel sick.
There is a stone staircase leading up here.
The adder is no longer moving slowly.
You climb upwards.
You feel sick.
There is a stone staircase leading down here.
You feel sick.
You riposte.
You freeze the adder.
You kill the adder!
Trog accepts your kill.
You feel sick.
You riposte.
You freeze the two-headed ogre.
The two-headed ogre is heavily wounded.
The two-headed ogre hits you with a +0 giant club!
* * * LOW HITPOINT WARNING * * *
There is an open door here.
As you read the scroll of teleportation, it crumbles to dust.
You feel strangely unstable.
You feel sick.
The two-headed ogre hits you with a +0 giant club!!
You die...

#........#...#..........#.#.#
#........#...#..........#####
########.#...###.............
#.##..# #..##.).......
#.##..###.###..##..... ###
######.##..##..#######.....
..#####.........>รท......#
######
###...###.....#########.#
#E#...#E#.....'O@.......#
###...###.....######....#
..............# #....#
...._.........# #.##.#######
..............# #.##.......#
###...###.....# #.########.#
#E#...#E#.....# #.# #.#
###...###.....# #.# #.###
##### ####### #.# #....


You could see a two-headed ogre.

Vanquished Creatures
  Erica (D:8)
  A death yak (D:9)
  2 hippogriffs (D:9)
  12 yaks (D:9)
  A wraith (D:10)
  2 wyverns
  A water moccasin (D:7)
  An orc warrior (D:7)
  2 black bears (D:8)
  An ice beast (D:10)
  4 sky beasts
  7 centaurs
  5 ogres
  7 bullfrogs
  A scorpion (D:10)
  23 killer bees
  11 wights
  An electric eel (D:9)
  2 howler monkeys (D:10)
  5 hounds
  A bullfrog skeleton (D:5)
  A jelly (D:8)
  Crazy Yiuf (D:7)
  5 orc wizards
  2 centaur skeletons
  5 iguanas
  3 worker ants
  A hound skeleton (D:9)
  3 worker ant zombies
  A howler monkey skeleton (D:4)
  4 gnolls (D:9)
  9 adders
  3 shadow imps
  A white imp (D:7)
  5 ufetubi
  An adder skeleton (D:4)
  6 worms
  A dart slug (D:1)
  2 leopard geckos
  18 orcs
  5 bats
  5 giant cockroaches
  6 goblins
  5 hobgoblins
  19 jackals
  A kobold (D:2)
  4 quokkas
  3 frilled lizards
  A leopard gecko skeleton (D:5)
  A quokka skeleton (D:4)
  4 rats
217 creatures vanquished.

Vanquished Creatures (others)
  A gnoll sergeant (D:9)
1 creature vanquished.

Grand Total: 218 creatures vanquished

Notes
Turn   | Place    | Note
-------+----------+-------------------------------------------
     0 | D:1      | Infinimo the Kobold Berserker began the quest for the Orb.
     0 | D:1      | Reached XP level 1. HP: 14/14 MP: 1/1
   375 | D:1      | Reached XP level 2. HP: 19/19 MP: 2/2
   967 | D:2      | Found an iron altar of Okawaru.
   977 | D:2      | Reached XP level 3. HP: 13/23 MP: 3/3
  1444 | D:2      | Reached XP level 4. HP: 24/29 MP: 4/4
  2840 | D:3      | Found a faded altar of an unknown god.
  2840 | D:3      | Found a shattered altar of Ashenzari.
  2978 | D:3      | Found a sparkling altar of Nemelex Xobeh.
  3013 | D:3      | Reached ** piety under Trog
  3162 | D:3      | Reached XP level 5. HP: 20/33 MP: 5/5
  3286 | D:3      | Found a shadowy altar of Dithmenos.
  3539 | D:4      | Found a hazy altar of Hepliaklqana.
  3821 | D:4      | Noticed an ogre
  3827 | D:4      | Killed an ogre
  3827 | D:4      | Reached XP level 6. HP: 32/39 MP: 6/6
  3879 | D:4      | Noticed an ogre
  3887 | D:4      | Killed an ogre
  4091 | D:4      | Found Begoz's Armour Emporium.
  4094 | D:4      | Bought a scarf of repulsion for 156 gold pieces
  4421 | D:5      | Entered Level 5 of the Dungeon
  4546 | D:5      | Reached XP level 7. HP: 25/44 MP: 7/7
  4799 | D:5      | Reached skill level 5 in Fighting
  4821 | D:5      | Reached skill level 5 in Long Blades
  4821 | D:5      | Reached skill level 5 in Dodging
  4967 | D:5      | Reached XP level 8. HP: 27/50 MP: 8/8
  5249 | D:6      | Found a shattered altar of Ashenzari.
  5379 | D:6      | Found Akothroh's Antique Armour Boutique.
  5582 | D:6      | Found a white marble altar of Elyvilon.
  5639 | D:6      | Found a staircase to the Ecumenical Temple.
  5847 | D:6      | Found a snail-covered altar of Cheibriados.
  5889 | D:6      | Found a faded altar of an unknown god.
  5889 | D:6      | Found a radiant altar of Vehumet.
  5894 | D:6      | Found a sacrificial altar of Ru.
  5896 | D:6      | Found an ornate altar of the Wu Jian Council.
  5897 | D:6      | Found a faded altar of an unknown god.
  6146 | D:7      | Reached *** piety under Trog
  6172 | D:7      | Found a runed translucent door.
  6173 | D:7      | Noticed Crazy Yiuf
  6207 | D:7      | Reached XP level 9. HP: 56/56 MP: 9/9
  6908 | D:7      | Killed Crazy Yiuf
  6974 | D:8      | Found a bloodstained altar of Trog.
  7061 | D:8      | Reached XP level 10. HP: 56/64 MP: 10/10
  7236 | D:8      | Reached **** piety under Trog
  7393 | D:8      | Noticed Erica
  7414 | D:8      | Killed Erica
  8479 | D:9      | Found a stormy altar of Qazlal.
  8493 | D:9      | Found Sitaawuysk's Assorted Antiques.
  8498 | D:9      | Reached XP level 11. HP: 55/71 MP: 11/11
  8529 | D:9      | Bought a tubular marble ring for 140 gold pieces
  8529 | D:9      | Bought a viscous cyan potion for 25 gold pieces
  8694 | D:9      | Noticed a death yak
  8709 | D:9      | Reached skill level 10 in Long Blades
  8900 | D:9      | Reached skill level 10 in Dodging
  8977 | D:9      | Found a glowing golden altar of the Shining One.
  8977 | D:9      | Found a bloodstained altar of Trog.
  9102 | D:9      | Killed a death yak
  9289 | D:10     | Entered Level 10 of the Dungeon
  9326 | D:10     | Reached skill level 10 in Fighting
  9342 | D:10     | Noticed a two-headed ogre
  9343 | D:10     | Reached ***** piety under Trog
  9361 | D:9      | Mangled by a two-headed ogre

Illustrated notes

Levels and vault maps discovered:
D:1:      nagdon_arrival_double_spiral, layout_basic
D:2:      layout_basic, lemuel_crystal_altar
D:3:      layout_basic, overflow_temple_1_default, overflow_temple_1_default,
          lemuel_coloured_pillars_altar, chequers_ecumenical_altar_simple_redux
D:4:      layout_basic, kennysheep_little_box, serial_shops, kennysheep_mini
D:5:      layout_basic
D:6:      layout_loops_cross, elyvilon_altar_4,
          chequers_temple_overflow_minitemple, slow_altar_2,
          minmay_temple_entry_junction, serial_shops, shop,
          evilmike_ruin_ashenzari
D:7:      layout_basic, uniq_crazy_yiuf_cottage
D:8:      layout_basic, trog_ov_bears_minmay, uniq_erica
D:9:      argonaut_augean_stables, layout_basic,
          gammafunk_temple_overflow_elements, nicolae_qazlal_style_of_elements,
          serial_shops, shop
D:10:     layout_rooms, erik_lair_dragon, solitary_fountain, st_stairs_11

Skill      XL: |  1  2  3  4  5  6  7  8  9 10 11 |
---------------+----------------------------------+-----
Long Blades    | 3 4 5 6 8 9 10 | 10.6
Dodging        | 3 4 5 6 8 9 10 | 10.6
Fighting       | 4 5 6 7 9 10 | 10.0
Armour         | |  1.5

Action                   |  1- 3 |  4- 6 |  7- 9 | 10-12 || total
-------------------------+-------+-------+-------+-------++-------
Melee: Falchion          |    54 |   159 |   213 |       ||   426
       Scimitar          |       |       |   105 |   247 ||   352
Invok: Berserk           |     2 |     4 |     6 |     5 ||    17
  Use: Scroll            |       |    15 |       |    13 ||    28
 Stab: Sleeping          |       |     2 |     8 |     4 ||    14
       Distracted        |       |     1 |       |       ||     1
Armor: Animal skin       |    10 |    18 |       |       ||    28
       Leather armour    |       |    13 |    63 |    34 ||   110
Dodge: Dodged            |    51 |   135 |   270 |   258 ||   714
       Repelled          |       |       |     6 |     5 ||    11
       Rpst.: Falchion   |    20 |    47 |    43 |       ||   110
       Scimitar          |       |       |    38 |    65 ||   103

Table legend:
 A = Non-vault XP
 B = Vault XP
 C = Vault XP percentage of total XP
 D = Non-vault monster count
 E = Vault monster count
 F = Vault count percentage of total count
                 A         B        C        D         E       F
            +---------+---------+-------+---------+---------+-------
      Total |    7782 |    4634 |  37.3 |     198 |      20 |   9.2
            +---------+---------+-------+---------+---------+-------
        D:1 |      15 |       0 |   0.0 |       7 |       0 |   0.0
        D:2 |      90 |       0 |   0.0 |      25 |       0 |   0.0
        D:3 |      37 |       0 |   0.0 |      17 |       0 |   0.0
        D:4 |     344 |       0 |   0.0 |      12 |       0 |   0.0
        D:5 |     570 |       0 |   0.0 |      28 |       0 |   0.0
        D:6 |     219 |       5 |   2.2 |       4 |       1 |  20.0
        D:7 |    2122 |      40 |   1.9 |      37 |       1 |   2.6
        D:8 |    2096 |    1177 |  36.0 |      32 |       3 |   8.6
        D:9 |    1118 |    3371 |  75.1 |      18 |      14 |  43.8
       D:10 |    1171 |      41 |   3.4 |      18 |       1 |   5.3
            +---------+---------+-------+---------+---------+-------
